Map: Jagannatha LE

Players

Has

  • Race: Protoss Protoss

Nice - Winner!

  • Race: Protoss Protoss
  • League: Master

Event: DreamHack SC2 Masters 2021 Summer

VOD

Have the link to the VOD?

Description

Time

  • Played on: May 23, 2021, 9:54 a.m.
  • Length: 17:44

All games in this series

Show
View Real Time Build Order
Export as new Build Order

Has Protoss 

Build Orders: Blink Stalkers, Zealot Archon 

Get SALT Encoding   

  12  0:00  Probe  
  13  0:12  Probe  
  14  0:18  Pylon  
  14  0:24  Probe (Chrono Boost)  
  15  0:36  Gateway  
  15  0:37  Probe (Chrono Boost)  
  16  0:43  Probe  
  16  0:47  Assimilator  
  17  0:56  Probe (Chrono Boost)  
  18  0:57  Assimilator  
  18  1:08  Probe (Chrono Boost)  
  18  1:10  Gateway  
  19  1:14  Probe (Chrono Boost)  
  20  1:22  Probe  
  21  1:26  Cybernetics Core  
  21  1:33  Pylon  
  21  1:34  Probe  
  22  1:47  Probe  
  23  1:59  Probe  
  24  2:04  Warp Gate  
  24  2:07  Sentry  
  26  2:11  Probe  
  26  2:12  Stalker  
  29  2:20  Pylon  
  29  2:23  Probe  
  30  2:37  Stalker  
  31  2:42  Stalker  
  33  2:45  Shield Battery  
  33  2:49  Twilight Council  
  33  2:50  Probe  
  34  3:11  Nexus  
  34  3:19  Stalker  
  36  3:24  Blink (Chrono Boost)  
  36  3:32  Pylon  
  36  3:35  Probe  
  37  3:47  Probe (Chrono Boost)  
  38  3:55  Stalker  
  40  3:59  Probe (Chrono Boost)  
  40  4:00  Stalker  
  43  4:04  Probe (Chrono Boost)  
  44  4:12  Forge  
  44  4:13  Probe  
  45  4:19  Stalker  
  45  4:23  Probe (Chrono Boost)  
  48  4:27  Probe (Chrono Boost)  
  49  4:35  Stalker  
  49  4:36  Probe (Chrono Boost)  
  49  4:37  Probe (Chrono Boost)  
  53  4:42  Protoss Ground Weapons Level 1 (Chrono Boost)  
  53  4:44  Stalker  
  55  4:47  Probe  
  55  4:49  Probe  
  57  4:53  Pylon  
  57  4:58  Stalker  
  57  4:59  Probe  
  60  5:04  Probe  
  61  5:12  Probe  
  62  5:15  Stalker  
  64  5:21  Robotics Facility  
  64  5:27  Nexus  
  64  5:31  Probe  
  64  5:34  Charge (Chrono Boost)  
  65  5:36  Pylon  
  65  5:43  Stalker  
  65  5:44  Stalker  
  65  5:46  Probe  
  70  5:50  Pylon  
  70  5:59  Shield Battery  
  70  6:02  Probe x2  
  71  6:08  Gateway  
  71  6:12  Gateway  
  71  6:14  Probe, Observer (Chrono Boost)  
  71  6:15  Probe  
  73  6:22  Gateway  
  73  6:23  Gateway  
  73  6:28  Gateway  
  73  6:31  Probe  
  74  6:32  Gateway  
  74  6:34  Probe  
  75  6:40  Probe  
  75  6:43  Probe  
  75  6:46  Probe, Zealot  
  75  6:47  Zealot  
  82  6:48  Pylon  
  82  6:51  Pylon  
  81  6:56  Probe  
  81  6:59  Probe  
  82  7:02  Templar Archives  
  82  7:11  Zealot x4  
  90  7:16  Pylon  
  90  7:18  Zealot x2  
  94  7:23  Pylon  
  94  7:32  Pylon  
  94  7:36  Probe  
  97  7:39  High Templar x2  
  97  7:40  Zealot x4  
  97  7:42  Zealot x2  
  97  7:43  Archon  
  111  7:57  Zealot x3  
  111  7:58  Zealot x2  
  119  8:07  Probe  
  119  8:12  Probe  
  105  8:15  Zealot x3  
  105  8:16  Zealot x5  
  105  8:18  Probe  
  105  8:19  Probe  
  81  8:36  Stalker x6  
  81  8:41  Zealot  
  92  8:42  Zealot  
  92  8:46  Assimilator  
  92  8:47  Assimilator  
  94  8:50  Probe  
  93  9:01  Probe  
  93  9:02  Probe  
  81  9:08  Stalker x4  
  77  9:11  Zealot x4  
  77  9:15  Protoss Ground Weapons Level 2 (Chrono Boost)  
  85  9:19  Assimilator  
  85  9:20  Assimilator  
  85  9:33  Zealot x4  
  85  9:34  Photon Cannon  
  85  9:35  Observer (Chrono Boost)  
  95  9:38  Probe  
  95  9:47  Observer (Chrono Boost)  
  95  9:51  Probe x3  
  99  9:53  Photon Cannon  
  99  9:55  Nexus  
  99  10:03  Probe  
  100  10:09  High Templar x2  
  100  10:10  Zealot x4  
  100  10:11  Probe x2  
  114  10:14  Archon  
  114  10:18  Immortal (Chrono Boost)  
  118  10:24  Pylon  
  118  10:32  Probe x3  
  121  10:38  High Templar x2, Stargate  
  121  10:39  Zealot x3  
  131  10:43  Archon  
  131  10:47  Observer  
  131  10:54  Photon Cannon  
  131  10:55  Shield Battery  
  131  10:58  Gateway  
  131  10:59  Pylon  
  131  11:00  Pylon  
  131  11:02  Pylon  
  131  11:04  Immortal (Chrono Boost)  
  131  11:11  Probe x3  
  138  11:12  Probe  
  138  11:15  High Templar x2  
  138  11:17  Protoss Ground Weapons Level 3 (Chrono Boost)  
  143  11:20  Archon  
  143  11:26  Probe  
  143  11:27  Probe x2  
  143  11:28  Probe  
  143  11:30  Assimilator  
  147  11:33  Immortal (Chrono Boost)  
  147  11:35  Assimilator  
  147  11:36  Pylon  
  153  11:42  Stargate  
  153  11:52  Robotics Bay  
  151  12:00  Warp Prism (Chrono Boost)  
  151  12:03  Photon Cannon x2  
  151  12:06  Probe  
  151  12:07  Probe, Photon Cannon  
  156  12:11  Stalker x4  
  156  12:12  Stalker  
  165  12:18  Probe (Chrono Boost)  
  165  12:22  Observer, Pylon  
  166  12:28  Fleet Beacon  
  167  12:36  Robotics Facility  
  167  12:40  Probe  
  167  12:41  Disruptor (Chrono Boost)  
  168  12:45  Nexus  
  168  12:48  Pylon  
  171  12:52  Protoss Air Weapons Level 1 (Chrono Boost)  
  171  12:53  Assimilator  
  171  12:55  Shield Battery  
  171  12:57  Assimilator  
  171  12:58  Pylon  
  171  13:09  Stargate x2  
  171  13:11  Disruptor (Chrono Boost)  
  173  13:26  Disruptor (Chrono Boost)  
  173  13:27  Gateway x2  
  173  13:28  Gateway  
  173  13:29  Carrier  
  173  13:32  Gateway x2  
  177  13:41  Disruptor (Chrono Boost)  
  177  13:48  Zealot x6  
  170  14:11  Zealot x3  
  170  14:12  Zealot x3  
  175  14:20  Robotics Facility  
  175  14:22  Robotics Facility  
  151  14:24  Robotics Facility  
  151  14:26  Probe  
  151  14:30  Probe x2  
  132  14:36  Robotics Facility  
  125  14:40  Probe  
  126  14:51  Zealot x3  
  126  14:52  Zealot x8  
  148  14:59  Carrier (Chrono Boost)  
  145  15:19  Probe  
  145  15:20  Probe  
  137  15:21  Dark Shrine  
  137  15:27  Probe  
  108  15:36  Probe, Robotics Bay  
  109  15:55  Stalker x11  
  113  15:57  Disruptor (Chrono Boost)  
  113  15:58  Disruptor x2 (Chrono Boost)  
  113  16:00  Disruptor (Chrono Boost)  
  111  16:29  Disruptor (Chrono Boost)  
  120  16:38  Disruptor (Chrono Boost)  
  120  16:42  Stalker  
  120  16:43  Stalker  
  120  16:44  Stalker x3  
  120  16:55  Disruptor (Chrono Boost)  
  81  17:10  Disruptor (Chrono Boost)  
Show
View Real Time Build Order
Export as new Build Order

Nice Protoss - Winner!

Build Orders:  

Get SALT Encoding   

  12  0:00  Probe  
  13  0:12  Probe  
  14  0:20  Pylon  
  14  0:24  Probe  
  15  0:38  Probe (Chrono Boost), Gateway  
  16  0:48  Probe (Chrono Boost)  
  16  0:49  Assimilator  
  17  0:53  Probe (Chrono Boost)  
  17  0:57  Assimilator  
  18  1:04  Probe (Chrono Boost)  
  19  1:12  Gateway  
  19  1:16  Probe (Chrono Boost)  
  20  1:26  Probe (Chrono Boost), Cybernetics Core  
  21  1:32  Pylon  
  21  1:36  Probe  
  22  1:48  Probe  
  23  2:00  Probe  
  24  2:02  Stalker x2  
  24  2:07  Warp Gate  
  28  2:22  Pylon  
  28  2:29  Pylon  
  32  2:46  Probe (Chrono Boost)  
  32  2:50  Nexus, Sentry  
  31  2:55  Sentry  
  31  2:58  Probe (Chrono Boost)  
  34  3:06  Probe (Chrono Boost)  
  34  3:07  Shield Battery  
  34  3:12  Probe  
  35  3:17  Robotics Facility  
  36  3:24  Probe  
  37  3:40  Pylon  
  39  3:42  Probe  
  39  3:47  Shield Battery  
  39  3:55  Probe (Chrono Boost)  
  39  3:59  Sentry  
  39  4:00  Stalker  
  44  4:02  Probe (Chrono Boost)  
  44  4:04  Observer (Chrono Boost)  
  46  4:12  Probe x2 (Chrono Boost)  
  47  4:18  Probe, Immortal (Chrono Boost)  
  53  4:24  Adept  
  53  4:25  Adept  
  53  4:27  Probe  
  53  4:30  Probe  
  58  4:37  Pylon, Shield Battery  
  58  4:40  Probe  
  58  4:45  Probe  
  60  4:51  Pylon  
  60  4:52  Probe  
  61  4:56  Immortal  
  66  5:06  Probe x2  
  67  5:13  Observer, Twilight Council  
  67  5:15  Forge  
  67  5:18  Probe x2  
  69  5:27  Assimilator  
  69  5:29  Assimilator  
  69  5:32  Probe, Gateway  
  69  5:33  Probe, Gateway  
  71  5:36  Observer  
  72  5:49  Stalker  
  74  5:50  Blink (Chrono Boost), Stalker  
  74  6:04  Protoss Ground Weapons Level 1 (Chrono Boost)  
  74  6:05  Observer  
  74  6:06  Nexus  
  74  6:09  Pylon  
  74  6:10  Probe x2  
  74  6:17  Stalker  
  74  6:18  Stalker  
  76  6:22  Probe  
  77  6:26  Probe  
  77  6:29  Shield Battery  
  78  6:34  Stalker, Sentry  
  78  6:37  Probe  
  83  6:44  Observer  
  83  6:45  Stalker  
  85  6:48  Probe  
  85  6:49  Pylon  
  85  6:51  Pylon  
  86  6:57  Gateway x2  
  86  7:07  Probe  
  86  7:12  Shield Battery  
  86  7:13  Sentry x3  
  86  7:14  Shield Battery, Stalker  
  94  7:20  Shield Battery  
  94  7:22  Pylon  
  94  7:27  Photon Cannon  
  94  7:29  Observer  
  94  7:30  Photon Cannon  
  94  7:32  Shield Battery  
  94  7:39  Stalker, Sentry  
  98  7:47  Stalker x2  
  102  7:57  Stalker x2  
  106  7:58  Probe x2  
  106  7:59  Probe  
  109  8:11  Stalker  
  109  8:12  Stalker  
  103  8:13  Stalker x2  
  103  8:18  Stalker  
  99  8:23  Stalker x3  
  95  8:31  Protoss Ground Weapons Level 2 (Chrono Boost)  
  93  8:37  Probe x3  
  93  8:39  Assimilator  
  93  8:40  Pylon  
  93  8:41  Assimilator  
  96  8:42  Stalker x2  
  96  8:45  Pylon  
  100  8:52  Shield Battery  
  100  9:00  Stalker  
  100  9:01  Stalker x2  
  94  9:11  Probe x3  
  97  9:20  Gateway, Sentry x3  
  97  9:22  Gateway  
  97  9:23  Probe  
  104  9:29  Stalker x3  
  110  9:34  Warp Prism  
  110  9:37  Probe x2  
  114  9:38  Probe  
  115  9:59  Nexus  
  115  10:00  Pylon, Robotics Bay  
  115  10:07  Dark Shrine  
  115  10:11  Probe x2  
  115  10:12  Stalker x2  
  121  10:20  Probe  
  122  10:23  Probe x2  
  124  10:32  Probe, Robotics Facility  
  125  10:35  Pylon  
  125  10:40  Stalker x2  
  125  10:41  Stalker x4  
  137  10:57  Extended Thermal Lance (Chrono Boost)  
  137  10:58  Protoss Ground Weapons Level 3 (Chrono Boost)  
  137  11:02  Probe  
  137  11:03  Colossus (Chrono Boost)  
  137  11:04  Pylon  
  144  11:08  Probe  
  144  11:09  Shield Battery  
  145  11:11  Pylon  
  145  11:21  Probe  
  145  11:22  Probe x2  
  145  11:23  Probe  
  145  11:25  Observer (Chrono Boost)  
  149  11:28  Assimilator x2  
  149  11:30  Shield Battery  
  149  11:32  Shield Battery  
  149  11:35  Dark Templar  
  151  11:41  Colossus (Chrono Boost)  
  151  11:46  Colossus (Chrono Boost)  
  163  12:00  Dark Templar x4  
  171  12:03  Pylon  
  171  12:08  Photon Cannon  
  161  12:28  Colossus (Chrono Boost)  
  161  12:31  Colossus (Chrono Boost)  
  161  12:33  Colossus (Chrono Boost)  
  161  12:36  Gateway  
  173  12:37  Gateway  
  173  12:40  Dark Templar x2, Stalker  
  173  12:41  Stalker x3  
  185  12:45  Archon  
  185  12:52  Pylon  
  185  12:53  Photon Cannon  
  185  12:58  Dark Templar  
  187  13:02  Photon Cannon, Pylon  
  187  13:07  Warp Prism (Chrono Boost)  
  187  13:11  Dark Templar  
  191  13:13  Observer (Chrono Boost)  
  191  13:17  Archon  
  192  13:21  Dark Templar x2  
  192  13:22  Dark Templar x2  
  200  13:27  Archon x2  
  188  13:50  Stalker x5  
  188  13:51  Stalker  
  182  14:23  Zealot x5  
  182  14:24  Zealot x5  
  184  14:36  Observer x2  
  169  14:50  Photon Cannon  
  169  14:51  Pylon  
  169  14:52  Photon Cannon  
  169  14:53  Shield Battery x2  
  169  14:56  Pylon  
  169  15:02  Stalker x6  
  169  15:03  Stalker x3  
  187  15:20  Stalker  
  189  15:25  Stalker x3, Protoss Ground Armor Level 1  
  189  15:26  Stalker x3  
  199  15:32  Gravitic Boosters (Chrono Boost)  
  183  16:01  Dark Templar  
  183  16:02  Dark Templar  
  185  16:05  Stalker x7  
  185  16:07  Observer, Nexus  
  185  16:10  Pylon  
  200  16:35  Stalker x3  
  196  16:59  Assimilator x2  
  190  17:10  Stalker x5  
  190  17:11  Stalker x4  
  190  17:12  Stalker  
Tags
 
Add a new tag
Caveats
  • Supply blocks, unpowered buildings, or Contaminate may cause inaccurate times.
  • Supply counts are checked every 10 seconds.